 Dungeon Crawl Stone Soup version 0.30-a0-605-gb2882149bf (webtiles) character file.

Game seed: 11136527455781917878

273 wormed the Carver (level 6, -1/44 HPs)
             Began as a Gnoll Wanderer on Jan 7, 2023.
             Was a Priest of Cheibriados.
             Slain by a scorpion (4 damage)
             ... on level 4 of the Dungeon.
             The game lasted 00:04:55 (2507 turns).

wormed the Carver (Gnoll Wanderer)                  Turns: 2507, Time: 00:04:55

Health: -1/44      AC:  3    Str: 22    XL:     6   Next: 23%
Magic:  9/9        EV: 12    Int: 19    God:    Cheibriados [***...]
Gold:   156        SH:  0    Dex: 19    Spells: 9/9 levels left

rFire   . . .      SeeInvis .    a - +1 long sword
rCold   . . .      Faith    .    (no shield)
rNeg    . . .      Spirit   .    f - +0 leather armour
rPois   .          Reflect  .    (no helmet)
rElec   .          Harm     .    (no cloak)
rCorr   .          Rampage  .    (no gloves)
Will    .....                    (no boots)
Stlth   ++                       o - amulet of magic regeneration
HPRegen 0.27/turn                (no ring)
MPRegen 0.51/turn                (no ring)

@: lethally poisoned (-1 -> -3), very slow
A: fangs 1, strong nose, distributed training
a: Renounce Religion, Bend Time, Temporal Distortion


You were on level 4 of the Dungeon.
You worshipped Cheibriados.
Cheibriados was most pleased with you.
You visited 1 branch of the dungeon, and saw 4 of its levels.

You collected 156 gold pieces.

Inventory:

Hand Weapons
 a - a +1 long sword (weapon)
 d - a +0 dagger
Missiles
 c - 24 poisoned darts
Armour
 f - a +0 leather armour (worn)
Jewellery
 o - an amulet of magic regeneration (around neck)
Wands
 h - a wand of paralysis (9) (quivered)
Scrolls
 g - a scroll of magic mapping
 m - a scroll of enchant armour {unknown}
Potions
 b - 2 potions of attraction
 e - 2 potions of brilliance
 i - 2 potions of invisibility {unknown}
 j - a potion of might {unknown}
 k - 3 potions of mutation {unknown}
 l - a potion of haste {unknown}
 n - a potion of heal wounds {unknown}


   Skills:
 + Level 2.0 Fighting
 + Level 2.0 Short Blades
 + Level 10.6 Long Blades
 + Level 2.0 Axes
 + Level 2.0 Maces & Flails
 + Level 2.0 Polearms
 + Level 2.0 Staves
 + Level 2.0 Ranged Weapons
 + Level 3.2 Throwing
 + Level 3.2 Armour
 + Level 2.0 Dodging
 + Level 3.1 Stealth
 + Level 2.0 Shields
 + Level 5.0 Unarmed Combat
 + Level 2.0 Spellcasting
 + Level 1.5 Conjurations
 + Level 1.5 Hexes
 + Level 1.5 Summonings
 + Level 1.5 Necromancy
 + Level 1.5 Translocations
 + Level 1.5 Transmutations
 + Level 1.5 Fire Magic
 + Level 1.5 Ice Magic
 + Level 1.5 Air Magic
 + Level 1.5 Earth Magic
 + Level 1.5 Poison Magic
 + Level 2.1 Invocations
 + Level 2.0 Evocations


You had 9 spell levels left.
You didn't know any spells.
Your spell library contained the following spells:

 Spells                   Type           Power      Damage    Failure   Level
 Freeze                   Ice            28%        1d5       11%         1
 Frozen Ramparts          Ice            14%        1d3       30%         3
 Gell's Gravitas          Tloc           7%         N/A       30%         3
 Hailstorm                Conj/Ice       7%         3d4       30%         3
 Lesser Beckoning         Tloc           14%        N/A       30%         3
 Teleport Other           Tloc           7%         N/A       30%         3
 Ice Form                 Ice/Tmut       7%         N/A       71%         4
 Summon Ice Beast         Ice/Summ       7%         N/A       71%         4


Dungeon Overview and Level Annotations

Branches:
Dungeon (4/15)
 Temple: D:4-7

Altars:
Ashenzari
Cheibriados
Nemelex Xobeh
Trog
Yredelemnul


Innate Abilities, Weirdness & Mutations

You have very sharp teeth.
Your uncanny sense of smell can sniff out nearby items.
Your experience applies equally to all skills.


Message History

The gnoll is almost dead.
You feel sick. The scorpion stings you.
* * * LOW HITPOINT WARNING * * *
You hit the gnoll.
You kill the gnoll!
You feel sick. The scorpion misses you.
Your Fighting skill increases to level 2!
Your Short Blades skill increases to level 2!
Your Axes skill increases to level 2!
Your Maces & Flails skill increases to level 2!
Your Polearms skill increases to level 2!
Your Staves skill increases to level 2!
Your Ranged Weapons skill increases to level 2!
Your Dodging skill increases to level 2!
Your Shields skill increases to level 2!
Your Spellcasting skill increases to level 2!
Your Evocations skill increases to level 2!
You slash the scorpion!
The scorpion is heavily wounded.
You feel sick. The scorpion misses you.
You barely miss the scorpion.
The scorpion is heavily wounded.
The scorpion barely misses you.
You hit the scorpion.
The scorpion is heavily wounded.
You feel sick. The scorpion stings you!
* * * LOW HITPOINT WARNING * * *
The scorpion closely misses you.
Aiming: Paralyse
Press: ? - help, Q - select action, (/) - cycle Shift-Dir - straight line, f - scorpion
Aim: a scorpion (heavily wounded, chance to affect: 54%)
The scorpion resists with significant effort.
The scorpion barely misses you.
Aiming: Paralyse
Press: ? - help, Q - select action, (/) - cycle Shift-Dir - straight line, f/p - scorpion
Aim: a scorpion (heavily wounded, chance to affect: 54%)
The scorpion resists with significant effort.
* * * LOW HITPOINT WARNING * * *
You feel sick. The scorpion stings you.
You die...

....... ..##. .#.
.......##. ...#
#......... #####
..>.##.......# ####.#_.
......>.....####..#♣....
..................###..#
.?................#_....
......s.........^.###..#
.$....)@..........#⌠....
......)....##.....###..#
...#####...##...<.#.....
. #..####....###..# #..#
##....#..... ..##
#.....##8..8 ..##
#..#.......# ...
###..##.##.#..
........†.###.


You could see a scorpion.

Vanquished Creatures
  A necrophage (D:4)
  A hound (D:4)
  2 hound skeletons (D:3)
  3 gnolls (D:4)
  5 adders
  2 dart slugs
  4 worms
  2 orcs
  8 ball pythons
  5 bats
  2 endoplasms (D:1)
  3 giant cockroaches
  7 goblins
  3 hobgoblins
  6 kobolds
  3 quokkas
  3 ball python zombies (D:3)
  2 frilled lizards (D:1)
  A quokka zombie (D:3)
  7 rats
70 creatures vanquished.

Notes
Turn   | Place    | Note
-------+----------+-------------------------------------------
     0 | D:1      | Reached skill level 10 in Long Blades
     0 | D:1      | wormed the Gnoll Wanderer began the quest for the Orb.
     0 | D:1      | wormed set off with the following items: a +0 long sword, a
                  | potion of attraction, 14 poisoned darts, a +0 dagger, a
                  | potion of brilliance, a +0 leather armour.
     0 | D:1      | Reached XP level 1. HP: 13/13 MP: 1/1
    47 | D:1      | Found a faded altar of an unknown god.
   128 | D:1      | Prayed at the altar of an unknown god.
   128 | D:1      | Became a worshipper of Cheibriados the Contemplative
   128 | D:1      | Reached * piety under Cheibriados
   205 | D:1      | Reached XP level 2. HP: 19/19 MP: 2/2
   545 | D:1      | Reached ** piety under Cheibriados
   686 | D:2      | Reached XP level 3. HP: 19/25 MP: 2/4
   840 | D:2      | Reached skill level 1 in Invocations
   918 | D:2      | Reached skill level 1 in Fighting
   918 | D:2      | Reached skill level 1 in Short Blades
   918 | D:2      | Reached skill level 1 in Axes
   918 | D:2      | Reached skill level 1 in Maces & Flails
   918 | D:2      | Reached skill level 1 in Polearms
   918 | D:2      | Reached skill level 1 in Staves
   918 | D:2      | Reached skill level 1 in Ranged Weapons
   918 | D:2      | Reached skill level 1 in Dodging
   918 | D:2      | Reached skill level 1 in Shields
   918 | D:2      | Reached skill level 1 in Spellcasting
   918 | D:2      | Reached skill level 1 in Evocations
  1219 | D:2      | Reached XP level 4. HP: 32/32 MP: 5/5
  1538 | D:3      | Reached skill level 1 in Conjurations
  1538 | D:3      | Reached skill level 1 in Hexes
  1538 | D:3      | Reached skill level 1 in Summonings
  1538 | D:3      | Reached skill level 1 in Necromancy
  1538 | D:3      | Reached skill level 1 in Translocations
  1538 | D:3      | Reached skill level 1 in Transmutations
  1538 | D:3      | Reached skill level 1 in Fire Magic
  1538 | D:3      | Reached skill level 1 in Ice Magic
  1538 | D:3      | Reached skill level 1 in Air Magic
  1538 | D:3      | Reached skill level 1 in Earth Magic
  1538 | D:3      | Reached skill level 1 in Poison Magic
  1852 | D:3      | Reached *** piety under Cheibriados
  1941 | D:3      | Reached XP level 5. HP: 32/37 MP: 7/7
  2285 | D:4      | Found a sparkling altar of Nemelex Xobeh.
  2389 | D:4      | Reached XP level 6. HP: 36/44 MP: 8/8
  2430 | D:4      | Found a broken altar of Ashenzari.
  2432 | D:4      | Found a basalt altar of Yredelemnul.
  2435 | D:4      | Found a bloodstained altar of Trog.
  2500 | D:4      | Reached skill level 5 in Unarmed Combat
  2507 | D:4      | Slain by a scorpion

Illustrated notes

Levels and vault maps discovered:
D:1:      mrwooster_arrival_statue, layout_rooms,
          dreamdust_ecumenical_altar_hidden_monk_grotto, skrybe_limestone_x
D:2:      layout_rooms, nicolae_wormholes
D:3:      layout_basic, serial_undead, serial_undead_a, serial_undead_e,
          serial_undead_d, serial_undead_a
D:4:      minmay_angry_zag, layout_cave_pools, tgw_fedhas,
          mainiacjoe_overflow_boulevard, minitemple, minmay_lizard_king,
          uniq_duvessa

Skill      XL: |  1  2  3  4  5  6 |
---------------+-------------------+-----
Long Blades    | | 10.6
Invocations    | 1 2 |  2.1
Fighting       | 1 2 |  2.0
Short Blades   | 1 2 |  2.0
Axes           | 1 2 |  2.0
Maces & Flails | 1 2 |  2.0
Polearms       | 1 2 |  2.0
Staves         | 1 2 |  2.0
Ranged Weapons | 1 2 |  2.0
Dodging        | 1 2 |  2.0
Shields        | 1 2 |  2.0
Spellcasting   | 1 2 |  2.0
Evocations     | 1 2 |  2.0
Conjurations   | 1 |  1.5
Hexes          | 1 |  1.5
Summonings     | 1 |  1.5
Necromancy     | 1 |  1.5
Translocations | 1 |  1.5
Transmutations | 1 |  1.5
Fire Magic     | 1 |  1.5
Ice Magic      | 1 |  1.5
Air Magic      | 1 |  1.5
Earth Magic    | 1 |  1.5
Poison Magic   | 1 |  1.5
Throwing       | 3 |  3.2
Armour         | 3 |  3.2
Stealth        | 3 |  3.1
Unarmed Combat | 5 |  5.0

Action                   |  1- 3 |  4- 6 || total
-------------------------+-------+-------++-------
Melee: Long sword        |    89 |   119 ||   208
       Bite              |     7 |    14 ||    21
       Punch             |       |     2 ||     2
Invok: Bend Time         |       |     1 ||     1
Evoke: Wand              |       |     2 ||     2
  Use: Potion            |     2 |     1 ||     3
       Scroll            |     1 |     4 ||     5
 Stab: Sleeping          |     5 |     1 ||     6
       Distracted        |     1 |       ||     1
Armor: Leather armour    |    26 |    22 ||    48
Dodge: Dodged            |    49 |    74 ||   123

Table legend: (Time is in decaauts)
 A = Elapsed time spent in this place.
 B = Non-inter-level travel time spent in this place.
 C = Inter-level travel time spent in this place.
 D = Time resting spent in this place.
 E = Time spent auto-exploring this place.
 F = Levels seen in this place.
 G = Mean time per level.
                   A        B        C        D        E       F      G
               +--------+--------+--------+--------+--------+-----+--------+
         Total |   3285 |   3137 |    148 |      0 |   2493 |   4 |  821.2 |
       Dungeon |   3285 |   3137 |    148 |      0 |   2493 |   4 |  821.2 |
               +--------+--------+--------+--------+--------+-----+--------+

Top non-repeatable levels by time:
     D:2: 1006 daAuts
     D:3: 952 daAuts
     D:1: 854 daAuts
     D:4: 472 daAuts
